 Dungeon Sprint DCSS version 0.30.1-4-g462c640d31 (webtiles) character file.

Game seed: 4394169996078613393

26 Heoruswealwe the Covert (level 2, -7/14 HPs)
             Began as a Spriggan Artificer on Sept 14, 2023.
             Mangled by an ogre
             ... wielding a +0 giant club
              (21 damage)
             ... in the Dungeon (Sprint I: "Red Sonja").
             The game lasted 00:01:30 (19 turns).

Heoruswealwe the Covert (Spriggan Artificer)          Turns: 19, Time: 00:01:31

Health: -7/14      AC:  2    Str:  8    XL:     2   Next: 89%
Magic:  3/3        EV: 17    Int: 12    God:
Gold:   0          SH:  0    Dex: 15    Spells: 1/1 levels left

rFire   . . .        a - +1 dagger (holy)
rCold   . . .        (no shield)
rNeg    . . .        c - +0 robe
rPois   .            (helmet restricted)
rElec   .            (no cloak)
rCorr   .            (gloves unavailable)
SInv    +            (boots unavailable)
Will    .....        (no amulet)
Stlth   ++++         (no ring)
HPRegen 0.22/turn    (no ring)
MPRegen 0.08/turn

%: no teleportation
@: very quick
A: very small, no large weapons, unfitting armour, see invisible, speed 3
a: no special abilities


You were in the Dungeon.
You visited 1 branch

Inventory:

Hand Weapons
 a - a +1 dagger of holy wrath (weapon)
Armour
 c - a +0 robe (worn)
Wands
 b - a wand of flame (15) (quivered)
 d - a wand of charming (21)
 e - a wand of iceblast (2)
Scrolls
 k - a scroll of blinking
Potions
 f - a potion of curing
 g - a potion of heal wounds
 h - a potion of haste


   Skills:
 - Level 0.7 Fighting
 - Level 3.2 Dodging
 + Level 9.3 Stealth
 - Level 4.0 Evocations


You had one spell level left.
You didn't know any spells.
Your spell library was empty.

Dungeon Overview and Level Annotations

Branches:
Dungeon (1/1)

Altars:


Innate Abilities, Weirdness & Mutations

You are very small and have problems with some larger weapons.
You are too small for most types of armour.
You have supernaturally acute eyesight. (SInv)
You cover ground extremely quickly. (Speed+++)


Message History

Ijyb is heavily wounded.
Ijyb shouts!
Aiming: Iceblast
Press: ? - help, Shift-Dir - straight line, f/p - Ijyb
Aim: Ijyb, wielding a +1 dagger of holy wrath, wearing a +0 leather armour and carrying a wand of charming (6) (heavily wounded)
The mass of ice explodes!
The iceblast engulfs Ijyb!
Ijyb is severely wounded.
Aiming: Iceblast
Press: ? - help, Shift-Dir - straight line, f/p - Ijyb
Aim: Ijyb, wielding a +1 dagger of holy wrath, wearing a +0 leather armour and carrying a wand of charming (6) (severely wounded)
The mass of ice explodes!
The iceblast engulfs Ijyb!
You kill Ijyb!
Your Stealth skill gained 8 levels and is now at level 9!
You have reached level 2!
d - a wand of charming (21) (gained 6 charges)
There is an open door here.
Things that are here:
a +1 dagger of holy wrath; a +0 leather armour; the goblin corpse of Ijyb
l - a +1 dagger of holy wrath You drop 2 potions of magic.
You drop a potion of berserk rage.
You are now empty-handed.
You drop a +0 club.
Adjust (i)tems, (s)pells, or (a)bilities?
l - a +1 dagger of holy wrath Adjust to which letter? (? for menu, Esc to quit)
a - a +1 dagger of holy wrath Your +1 dagger of holy wrath softly glows with a divine radiance!
a - a +1 dagger of holy wrath (weapon)
Adjust (i)tems, (s)pells, or (a)bilities?
b - a +0 robe (worn)
Adjust to which letter? (? for menu, Esc to quit)
c - a +0 robe (worn);
b - a wand of flame (15) (quivered)
You open the door.
An ogre comes into view. It is wielding a +0 giant club.
There is an open door here.
The ogre shouts!
You barely miss the ogre.
The ogre hits you with a +0 giant club!!
Ouch! That really hurt!
You die...

##########
#<.#..'@.#
#..)..#.O+
#..#####+#
#..# #..#
#..# #⌠⌠#
####


You could see an ogre.

Vanquished Creatures
  Ijyb (D)
1 creature vanquished.

Notes
Turn   | Place    | Note
-------+----------+-------------------------------------------
     0 | D        | Heoruswealwe the Spriggan Artificer began the quest for the
                  | Orb.
     0 | D        | Reached XP level 1. HP: 9/9 MP: 2/2
     1 | D        | Noticed Ijyb
     5 | D        | Killed Ijyb
     6 | D        | Reached skill level 9 in Stealth
     6 | D        | Reached XP level 2. HP: 14/14 MP: 3/3
    16 | D        | Noticed an ogre
    19 | D        | Mangled by an ogre

Illustrated notes

Levels and vault maps discovered:
D:        dungeon_sprint_1 [red_sonja_temple_1, red_sonja_temple_small_1]

Skill      XL: |  1 |
---------------+----+-----
Stealth        | 9 |  9.3
Fighting       | |  0.7
Dodging        | |  3.2
Evocations     | |  4.0

Action                     || total
---------------------------++-------
  Melee: Dagger            ||     1
  Evoke: Wand              ||     3
